 Dungeon Crawl Stone Soup version 0.25-a0-413-g3b4b6a4ccc (webtiles) character file.

Game seed: 18052225751599112132, levelgen mode: deterministic

10 Borgoz the Cudgeler (level 2, 18/18 HPs)
             Began as a Gargoyle Gladiator on Jan 15, 2020.
             Quit the game on level 1 of the Dungeon.
             The game lasted 00:00:21 (504 turns).

Borgoz the Cudgeler (Gargoyle Gladiator)             Turns: 504, Time: 00:00:22

Health: 18/18      AC:  6    Str: 17    XL:     2   Next: 20%
Magic:  2/2        EV: 12    Int:  8    God:
Gold:   44         SH:  0    Dex: 11    Spells: 1/1 levels left

rFire    . . .     SeeInvis .   a - +0 flail
rCold    . . .     Gourm    .   (no shield)
rNeg     + . .     Faith    .   b - +0 leather armour
rPois    ∞         Spirit   .   c - +0 helmet
rElec    +         Reflect  .   (no cloak)
rCorr    .         Harm     .   (no gloves)
MR       .....                  (no boots)
Stlth    +.........             (no amulet)
HPRegen  0.06/turn              (no ring)
MPRegen  0.08/turn              (no ring)

@: no status effects
A: negative energy resistance 1, electricity resistance, unbreathing,
petrification resistance, rot immunity, AC +2
a: no special abilities


You were on level 1 of the Dungeon.
You were not hungry.

You visited 1 branch of the dungeon, and saw 1 of its levels.

You collected 44 gold pieces.

Inventory:

Hand Weapons
 a - a +0 flail (weapon)
Missiles
 d - 3 throwing nets (quivered)
Armour
 b - a +0 leather armour (worn)
 c - a +0 helmet (worn)
Jewellery
 h - an uncursed amulet of faith {unknown}
Scrolls
 e - a scroll of identify {unknown}
 g - a scroll of teleportation {unknown}
Potions
 j - a potion of lignification {unknown}
 k - a potion of curing {unknown}
Comestibles
 f - 2 rations
 i - 2 chunks of flesh


   Skills:
 + Level 2.4 Fighting
 + Level 3.1 Maces & Flails
 - Level 1.7 Throwing
 + Level 0.7 Armour
 + Level 2.5 Dodging


You had one spell level left.
You didn't know any spells.
Your spell library was empty.

Dungeon Overview and Level Annotations

Branches:
Dungeon (1/15)

Altars:


Innate Abilities, Weirdness & Mutations

You are resistant to torment.
Your stone body is resilient. (AC +2)
You are immune to poison.
You resist negative energy. (rN+)
You are resistant to electric shocks. (rElec)
You can survive without breathing.
You are immune to petrification.
You are immune to rotting.


Message History

No target in view!
Found 13 bolts.
You see here 13 bolts.
k - a cyan potion No target in view!
No target in view!
No target in view!
Found 25 stones.
A rat comes into view.
The rat closely misses you.
You sock the rat!
You kill the rat!
Done exploring.
No target in view!
No target in view!
Done exploring.
Done exploring.
No target in view!
No target in view!
Are you sure you want to abandon this character and quit the game? (Confirm with "yes".)

.###≈≈≈≈≈≈≈≈≈≈.####........#
#.# .#
#≈8≈≈≈≈≈≈8≈..[####.#.####
#.# .# #≈≈8≈≈≈≈8≈≈.#.# #.#.#
#.# .# #§≈≈#''#≈≈≈.#.# #.#.#
#.# .# #≈≈≈#..#≈§§.#.#
#.#.#######.#
.###≈≈≈#<.#≈≈≈.#.#
#.#..)......#
.#..≈≈≈####≈≈≈.#.#
#.########..#
....≈≈8≈≈≈≈8≈≈##.# #.# #...
##.#≈8≈≈≈≈≈≈8≈##@# #.# ##.#
#.#≈≈≈≈§≈≈≈≈≈##.# #.# #..
#.###§#########.# #.# ###
#.....# #.# #.# #..####
#.####.#
#..############......#
#.................####
###..############..# .....#
#..#


There were no monsters in sight!

Vanquished Creatures
  2 leopard geckos (D:1)
  2 goblins (D:1)
  A bat (D:1)
  3 frilled lizards (D:1)
  A rat (D:1)
9 creatures vanquished.

Notes
Turn   | Place    | Note
-------+----------+-------------------------------------------
     0 | D:1      | Borgoz the Gargoyle Gladiator began the quest for the Orb.
     0 | D:1      | Reached XP level 1. HP: 12/12 MP: 1/1
   181 | D:1      | Reached XP level 2. HP: 18/18 MP: 2/2
   504 | D:1      | Quit the game

Levels and vault maps discovered:
D:1:      lightli_arrival_boilingwater, layout_loops_ring

Action                   || total
-------------------------++-------
Melee: Flail             ||    34
Armor: Leather armour    ||    13
Dodge: Dodged            ||    23

Table legend:
 A = Non-vault XP
 B = Vault XP
 C = Vault XP percentage of total XP
 D = Non-vault monster count
 E = Vault monster count
 F = Vault count percentage of total count
                 A         B        C        D         E       F
            +---------+---------+-------+---------+---------+-------
      Total |      15 |       0 |   0.0 |       9 |       0 |   0.0
            +---------+---------+-------+---------+---------+-------
        D:1 |      15 |       0 |   0.0 |       9 |       0 |   0.0
            +---------+---------+-------+---------+---------+-------
